 Dungeon Crawl Stone Soup version 0.29-a0-1008-g949cc1d0fb (webtiles) character file.

Game seed: 8179477893607578970

80 gelatine the Firebug (level 4, -5/30 HPs)
             Began as a Demonspawn Fire Elementalist on Aug 8, 2022.
             Slain by a gnoll
             ... wielding a +0 club
              (7 damage)
             ... on level 2 of the Dungeon.
             The game lasted 00:03:42 (1794 turns).

gelatine the Firebug (Demonspawn Fire Elementalist) Turns: 1794, Time: 00:03:43

Health: -5/30      AC:  3    Str:  8    XL:     4   Next: 18%
Magic:  0/8        EV: 12    Int: 18    God:
Gold:   82         SH:  0    Dex: 14    Spells: 5/8 levels left

rFire   . . .      SeeInvis .   k - +1 dagger (drain)
rCold   . . .      Faith    .   (no shield)
rNeg    . . .      Spirit   .   a - +0 robe
rPois   .          Reflect  .   (no helmet)
rElec   .          Harm     .   (no cloak)
rCorr   .          Rampage  .   (no gloves)
Will    .....                   (no boots)
Stlth   ++........              (no amulet)
HPRegen 0.10/turn               (no ring)
MPRegen 0.11/turn               (no ring)

@: no status effects
A: rugged brown scales 1, powered by death 1
a: no special abilities


You were on level 2 of the Dungeon.
You visited 1 branch of the dungeon, and saw 2 of its levels.

You collected 82 gold pieces.

Inventory:

Hand Weapons
 k - a +1 dagger of draining (weapon)
Armour
 a - a +0 robe (worn)
Scrolls
 d - 5 scrolls of identify {unknown}
 g - a scroll of teleportation {unknown}
 l - a scroll of poison {unknown}
 m - a scroll of blinking {unknown}
Potions
 b - a potion of magic
 c - 2 potions of berserk rage {unknown}
 e - a potion of ambrosia {unknown}
 f - 2 potions of curing {unknown}
 h - a potion of flight {unknown}
 i - a potion of haste {unknown}
 j - a potion of degeneration {unknown}


   Skills:
 + Level 0.1 Short Blades
 + Level 1.9 Dodging
 + Level 2.0 Stealth
 + Level 2.8 Spellcasting
 + Level 2.2 Conjurations
 + Level 3.2 Fire Magic


You had 5 spell levels left.
You knew the following spells:

 Your Spells              Type           Power      Damage    Failure   Level
a - Foxfire               Conj/Fire      48%        2x1d6     5%          1
b - Scorch                Fire           28%        2d6       6%          2

Your spell library contained the following spells:

 Spells                   Type           Power      Damage    Failure   Level
 Conjure Flame            Conj/Fire      12%        6-21      16%         3
 Necrotise                Necr           8%         1d4       17%         1
 Inner Flame              Hex/Fire       8%         N/A       26%         3
 Vampiric Draining        Necr           2%         2d6       45%         3
 Flame Wave               Conj/Fire      12%        2d6       47%         4
 Agony                    Necr           2%         N/A       99%         5


Dungeon Overview and Level Annotations

Branches:
Dungeon (2/15)

Altars:


Innate Abilities, Weirdness & Mutations

You are partially covered in rugged brown scales. (AC +1, +3% HP)
You regenerate a little health from kills.


Message History

You feel agile.
You hit the gnoll but do no damage. You drain the gnoll.
The gnoll is lightly wounded.
The gnoll barely misses you.
You hit the gnoll but do no damage. You drain the gnoll.
The gnoll is moderately wounded.
The gnoll hits you but does no damage.
You barely miss the gnoll.
The gnoll is moderately wounded.
The gnoll completely misses you.
Casting: Scorch (safe; 6% risk of failure)
Confirm with . or Enter, or press ? or * to list all spells.
Flames lash the gnoll.
The gnoll is severely wounded.
The gnoll's fire resistance burns away.
The gnoll closely misses you. The gnoll barely misses you.
You hit the gnoll but do no damage. You drain the gnoll.
You kill the gnoll!
The gnoll hits you from afar with a +0 spear!
Casting: Scorch (safe; 6% risk of failure)
Confirm with . or Enter, or press ? or * to list all spells.
You conjure some foxfire!
The gnoll completely misses you.
The foxfire hits the gnoll.
The gnoll is moderately wounded.
The foxfire hits the gnoll.
The gnoll is heavily wounded.
The gnoll closely misses you.
You hit the gnoll.
The gnoll is severely wounded.
The gnoll hits you with a +0 spear. The gnoll hits you with a +0 club!
You closely miss the gnoll.
The gnoll is severely wounded.
The gnoll hits you with a +0 spear. The gnoll hits you with a +0 club.
* * * LOW HITPOINT WARNING * * *
You hit the gnoll. You punch the gnoll, but do no damage.
The gnoll is almost dead.
The gnoll hits you with a +0 spear.
* * * LOW HITPOINT WARNING * * *
The gnoll hits you with a +0 club!
You die...

#.# ##.###..###
#.#############.#....>..
#...............#.#..###
#..##############.#..#
#.###..####### #.#..###
#............# #.#..##.
###..........# #.#.....
##...#.##..# #.##^...
##.##.##@.# #.######
####.##gg# #.# # #.##..#
# #.##.)######## .
..##.......... #
####.########. # #.## .
#†#)# ....# ..###)g..g.#
#.#..


You could see 2 gnolls.

Vanquished Creatures
  Jessica (D:2)
  2 gnolls (D:2)
  An adder (D:2)
  A dart slug (D:2)
  A bat (D:1)
  2 goblins
  6 hobgoblins
  A quokka (D:1)
  3 ball pythons
  A frilled lizard (D:2)
  2 kobolds
  3 rats (D:1)
24 creatures vanquished.

Vanquished Creatures (others)
  72 foxfires
72 creatures vanquished.

Grand Total: 96 creatures vanquished

Notes
Turn   | Place    | Note
-------+----------+-------------------------------------------
     0 | D:1      | gelatine the Demonspawn Fire Elementalist began the quest
                  | for the Orb.
     0 | D:1      | Reached XP level 1. HP: 13/13 MP: 3/3
   533 | D:1      | Gained mutation: You are partially covered in rugged brown
                  | scales. (AC +1, +3% HP) [demonic ancestry]
   533 | D:1      | Reached XP level 2. HP: 13/19 MP: 1/5
  1469 | D:2      | Reached skill level 3 in Fire Magic
  1469 | D:2      | Gained mutation: You regenerate a little health from kills.
                  | [demonic ancestry]
  1469 | D:2      | Reached XP level 3. HP: 24/24 MP: 2/6
  1606 | D:2      | Noticed Jessica
  1613 | D:2      | Killed Jessica
  1617 | D:2      | Learned a level 2 spell: Scorch
  1777 | D:2      | Reached XP level 4. HP: 30/30 MP: 1/8
  1794 | D:2      | Slain by a gnoll

Illustrated notes

Levels and vault maps discovered:
D:1:      nicolae_arrival_somewhat_less_tricky_arrival, layout_loops_cross
D:2:      layout_loops_ring, serial_glass, glass_columns_c, glass_columns_c,
          uniq_jessica

Skill      XL: |  1  2  3 |
---------------+----------+-----
Fire Magic     | 3 |  3.2
Stealth        | 2 |  2.0
Conjurations   | 2 |  2.2
Short Blades   | |  0.1
Dodging        | |  1.9
Spellcasting   | |  2.8

Action                   |  1- 3 |  4- 6 || total
-------------------------+-------+-------++-------
Melee: Short sword       |     7 |       ||     7
       Dagger            |     7 |     7 ||    14
       Punch             |       |     1 ||     1
 Cast: Foxfire           |    46 |     1 ||    47
       Scorch            |     2 |     1 ||     3
Armor: Robe              |     5 |     1 ||     6
Dodge: Dodged            |     8 |     6 ||    14

Table legend: (Time is in decaauts)
 A = Elapsed time spent in this place.
 B = Non-inter-level travel time spent in this place.
 C = Inter-level travel time spent in this place.
 D = Time resting spent in this place.
 E = Time spent auto-exploring this place.
 F = Levels seen in this place.
 G = Mean time per level.
                   A        B        C        D        E       F      G
               +--------+--------+--------+--------+--------+-----+--------+
         Total |   1794 |   1775 |     19 |      0 |   1576 |   2 |  897.0 |
       Dungeon |   1794 |   1775 |     19 |      0 |   1576 |   2 |  897.0 |
               +--------+--------+--------+--------+--------+-----+--------+

Top non-repeatable levels by time:
     D:1: 1000 daAuts
     D:2: 794 daAuts
